 Dungeon Crawl Stone Soup version 0.31.0-32-g396128a36d (webtiles) character file.

Game seed: 290174586041423808

183626 BlackCrag the Bludgeoner (level 17, -4/195 HPs)
             Began as a Minotaur Berserker on Mar 17, 2024.
             Was a High Priest of Trog.
             Succumbed to a redback's poison
             ... on level 3 of the Spider Nest.
             The game lasted 02:40:16 (37709 turns).

BlackCrag the Bludgeoner (Minotaur Berserker)      Turns: 37709, Time: 02:40:17

Health: -4/195     AC: 37    Str: 34 (35) XL:     17   Next: 75%
Magic:  0/16       EV: 11    Int:  3 (7)  God:    Trog [*****.]
Gold:   2050       SH:  5    Dex: 17 (19) Spells: 16/16 levels left

rFire   + . .        z - +5 mace of the Peculiar Spirits {protect, ^Fragile rCorr Stlth+}
rCold   x . .        w - orb {light}
rNeg    + + .        N - +5 plate armour {Will+}
rPois   +            P - +1 hat of Juihum {rElec rC- Str+5 Int+3}
rElec   +            U - +0 cloak {rCorr}
rCorr   +            F - +2 pair of gloves {infuse}
SInv    .            E - +1 pair of boots
Will    ++...        u - amulet of reflection Stlth
                     n - ring "Edotocib" {*Slow rN++ Str+3 Dex+6 Slay+2}
HPRegen 0.52/turn    o - ring of poison resistance
MPRegen 0.15/turn

%: slow self (1%), reflection
@: berserking, lethally poisoned (-4 -> -28), under a protective aura, slowed,
glowing, studying Staves, unable to drink
A: horns 2, retaliatory headbutt, fire resistance 1, frail 2, screaming 1,
inability to drink after injury 1
a: Renounce Religion, Berserk, Trog's Hand, Brothers in Arms


You were on level 3 of the Spider Nest.
You worshipped Trog.
Trog was extremely pleased with you.
You visited 5 branches of the dungeon, and saw 27 of its levels.

You collected 3592 gold pieces.
You spent 1542 gold pieces at shops.

Inventory:

Hand Weapons
 z - the +5 mace of the Peculiar Spirits (weapon) {protect, ^Fragile rCorr Stlth+}
   (You found it on level 8 of the Dungeon)

   rCorr:     It protects you from acid and corrosion.
   ^Fragile:  It will be destroyed if unequipped.
   Stlth+:    It makes you more stealthy.
 A - a +3 eveningstar of flaming
 C - the +8 pair of quick blades "Gyre" and "Gimble" {protect}
   (You found it on level 10 of the Dungeon)
 G - a +6 dire flail
Missiles
 i - 2 atropa-tipped darts
 l - 6 curare-tipped darts
 p - a boomerang (quivered)
 L - 3 javelins
Armour
 w - an orb of light (worn)
 E - a +1 pair of boots (worn)
 F - a +2 pair of gloves of infusion (worn)
 N - a +5 plate armour of willpower (worn)
 O - a +2 kite shield
 P - the +1 hat of Juihum (worn) {rElec rC- Str+5 Int+3}
   (You found it on level 2 of the Spider Nest)

   Str+5:     It affects your strength (+5).
   Int+3:     It affects your intelligence (+3).
   rC-:       It makes you vulnerable to cold.
   rElec:     It insulates you from electricity.
 U - a +0 cloak of preservation (worn)
 V - a scarf of repulsion
Jewellery
 n - the ring "Edotocib" (left hand) {*Slow rN++ Str+3 Dex+6 Slay+2}
   (You found it on level 15 of the Dungeon)

   [ring of dexterity]

   Str+3:     It affects your strength (+3).
   Dex+6:     It affects your dexterity (+6).
   Slay+2:    It affects your accuracy & damage with ranged weapons and melee
   (+2).
   rN++:      It greatly protects you from negative energy.
   *Slow:     It may slow you when you take damage.
 o - a ring of poison resistance (right hand)
 u - an amulet of reflection (around neck)
 B - a +4 ring of protection
 D - the ring of the Oni {rElec Dex+6}
   (You found it on level 15 of the Dungeon)

   [ring of dexterity]

   Dex+6:     It affects your dexterity (+6).
   rElec:     It insulates you from electricity.
 M - a ring of protection from cold
Wands
 m - a wand of roots (12)
 v - a wand of polymorph (14)
 y - a wand of light (3)
 H - a wand of charming (13)
 K - a wand of mindburst (14)
 Q - a wand of digging (7)
Scrolls
 a - 8 scrolls of enchant weapon
 d - 2 scrolls of summoning
 e - 2 scrolls of blinking
 f - 5 scrolls of brand weapon
 g - 7 scrolls of fog
 h - 2 scrolls of poison
 j - 2 scrolls of identify
 k - 10 scrolls of teleportation
 r - 3 scrolls of fear
Potions
 b - 7 potions of curing
 c - 4 potions of enlightenment
 q - 4 potions of mutation
 s - 2 potions of heal wounds
 t - 6 potions of might
 x - 5 potions of haste
 I - 4 potions of lignification
 S - 2 potions of invisibility
 T - a potion of resistance


   Skills:
 * Level 17.8 Fighting
 * Level 20.2 Maces & Flails
 * Level 17.4 Throwing
 + Level 14.9 Armour
 + Level 4.7 Dodging
 + Level 2.5 Stealth
 + Level 12.4 Shields
 + Level 0.5 Unarmed Combat
 + Level 2.5 Evocations


You had 16 spell levels left.
You didn't know any spells.
Your spell library was empty.

Dungeon Overview and Level Annotations

Branches:
Dungeon (15/15)            Temple (0/1) D:7            Lair (5/5) D:10
 Shoals (0/4) Lair:2       Spider (3/4) Lair:2        Slime (0/5) Lair:4
    Orc (2/2) D:10            Elf (2/3) Orc:2        Vaults (0/5) D:14
 Depths (0/4) D:15

Altars:
Ashenzari
Cheibriados
Dithmenos
Elyvilon
Gozag
Hepliaklqana
Makhleb
Nemelex Xobeh
Okawaru
Ru
Sif Muna
Trog
Uskayaw
Vehumet
Wu Jian
Xom
Zin
The Shining One
Jiyva

Shops:
D:1 ?   D:2 :   D:3 [   D:9 *   D:10 :*=[   D:14 ?   Orc:1 (   Orc:2 ***(*

Annotations:
D:8 1 runed translucent door


Innate Abilities, Weirdness & Mutations

You have a pair of horns on your head.
You reflexively headbutt those who attack you in melee.
Your flesh is heat resistant. (rF+)
You are very frail. (-20% HP)
You occasionally shout uncontrollably at your foes.
You occasionally lose the ability to drink potions when taking damage.


Message History

* * * LOW HITPOINT WARNING * * *
The redback bites you but does no damage.
You bludgeon the wolf spider!! You headbutt the wolf spider!
You feel the power of Trog in you as your rage grows.
You kill the wolf spider!
Trog accepts your kill. The redback bites you.
* * * LOW HITPOINT WARNING * * *
The redback bites you but does no damage.
The redback bites you!
* * * LOW HITPOINT WARNING * * *
You are lethally poisoned!
The redback poisons you!
You bludgeon the redback!! You headbutt the redback!
You feel the power of Trog in you as your rage grows.
You kill the redback!
Trog accepts your kill.
* * * LOW HITPOINT WARNING * * *
You feel extremely sick. The redback closely misses you.
The redback bites you but does no damage.
You bludgeon the redback!! You headbutt the redback.
You kill the redback!
Trog accepts your kill.
* * * LOW HITPOINT WARNING * * *
You feel very sick. The redback closely misses you. You furiously retaliate!
You headbutt the redback!!
The redback bites you but does no damage.
You sock the redback!
You kill the redback!
Trog accepts your kill.
* * * LOW HITPOINT WARNING * * *
You feel very sick. The redback completely misses you.
You thump the redback! You headbutt the redback!!
You feel the power of Trog in you as your rage grows.
You kill the redback!
Trog accepts your kill.
You die...

#..###
#....##........## #^.#
#[..^###.......# #..#
#....^##.......# #..#
#....^........## ^>#
#..........#..# .#
#.....##.^##^.#
#....>##..#...#
#.....###.^...########
#....@.##........^....
#^..†s.####...........
#.....## ##..........
........# #..........
.........# #..........
.....$......#
#.........<
.............#
#...^......
.............#
##........^
.............#
##..^###.^


You could see a tarantella.

Vanquished Creatures
  A deep elf blademaster (Elf:2)
  Agnes (Spider:1)
  Gastronok (D:12)
  Kirke (Lair:3)
  The ghost of Peloso the Tortoise, a journeyman MiFi of Okawaru (D:15)
  2 ghost moths (Spider:2)
  Louise (Spider:1)
  2 deep elf demonologists
  A dire elephant (Lair:5)
  2 spark wasps
  2 ettins
  Josephine (D:13)
  3 entropy weavers
  A deep elf high priest (Elf:1)
  3 vault guards (D:14)
  7 hydras
  An ice dragon (Lair:5)
  2 rakshasas (D:15)
  The ghost of Ophinloto the Blocker, a journeyman GrFi of the Shining One (Lair:1)
  2 jorogumos (Spider:2)
  6 centaur warriors
  2 catoblepae
  6 two-headed ogres
  4 boulder beetles
  19 dancing weapons
  A death knight (D:13)
  2 radroaches
  6 death yaks
  3 demonic crawlers
  A vampire mage (Lair:2)
  An orc high priest (Orc:2)
  24 deep elf knights
  5 skeletal warriors (D:13)
  Sonja (Lair:3)
  A skyshark (Lair:5)
  A swamp dragon (Lair:5)
  3 orb spiders
  A pharaoh ant (Spider:1)
  14 deep elf archers
  An orange crystal statue (Elf:1)
  A lindwurm (shapeshifter) (Elf:2)
  2 steelbarb worms
  9 orc knights (Orc:2)
  24 deep elf pyromancers
  5 necromancers
  2 lindwurms
  22 deep elf zephyrmancers
  6 wolf spiders
  4 cyclopes
  8 ugly things
  2 moths of wrath
  3 orc sorcerers (Orc:2)
  3 manticores
  12 elephants
  6 meliai
  A kobold blastminer (Orc:1)
  8 black mambas
  2 centaur skeletons (D:15)
  18 cane toads
  2 gargoyles
  3 torpor snails
  3 unseen horrors
  3 efreet
  A kobold demonologist (D:11)
  5 rime drakes (Lair:5)
  12 komodo dragons
  A tengu conjurer (D:15)
  11 trolls
  6 polar bears
  A meliai zombie (D:15)
  4 tarantellas
  24 blink frogs
  6 dream sheep
  7 saltlings (Orc:2)
  A snapping turtle (Lair:2)
  12 culicivoras
  2 air elementals
  5 jumping spiders
  18 slime creatures
  46 yaks
  3 spriggans
  A centaur simulacrum (D:13)
  2 water elementals
  5 wraiths (D:13)
  A vampire (D:11)
  6 basilisks
  A fire bat (shapeshifter) (D:15)
  A warg (Orc:1)
  8 wyverns
  18 humans
  25 redbacks
  10 vampire mosquitoes
  8 steam dragons
  A fire elemental (Elf:1)
  5 neqoxecs (D:15)
  Menkaure (D:4)
  3 acid dragons
  13 water moccasins
  A swamp drake (Lair:5)
  2 ice beasts
  17 orc warriors
  A hornet zombie (D:15)
  4 black bears
  2 sky beasts (D:8)
  6 wolves
  5 centaurs
  3 ogres
  A phantom (D:7)
  6 kobold brigands
  12 bullfrogs
  2 gnoll sergeants
  6 scorpions
  19 wights
  7 killer bees
  10 electric eels
  2 howler monkeys
  A bombardier beetle (D:4)
  4 quasits (D:15)
  12 orc priests
  7 jellies
  A hound (D:6)
  A sleepcap (D:6)
  8 iguanas
  21 orc wizards
  6 adders
  17 gnolls
  A shadow imp (D:7)
  3 white imps
  3 ufetubi (D:7)
  A dart slug (D:2)
  73 orcs
  8 endoplasms
  15 giant cockroaches
  7 goblins
  10 hobgoblins
  2 jackals (D:5)
  16 kobolds
  2 quokkas
  6 ball pythons
  A bat (D:1)
  A frilled lizard (D:5)
  2 goblin skeletons (D:7)
  A hobgoblin zombie (D:7)
  A kobold skeleton (D:7)
  A kobold zombie (D:7)
  2 orc zombies (D:7)
  A rat (D:2)
902 creatures vanquished.

Vanquished Creatures (collateral kills)
  2 elephants (Lair:5)
2 creatures vanquished.

Vanquished Creatures (others)
  2 deep elf knights (Elf:2)
  A deep elf zephyrmancer (Elf:2)
  A deep elf pyromancer (Elf:2)
  2 humans (Lair:3)
  An iguana (Lair:5)
7 creatures vanquished.

Grand Total: 911 creatures vanquished

Notes
Turn   | Place    | Note
-------+----------+-------------------------------------------
     0 | D:1      | BlackCrag the Minotaur Berserker began the quest for the
                  | Orb.
     0 | D:1      | Reached XP level 1. HP: 19/19 MP: 0/0
   377 | D:1      | Reached skill level 4 in Maces & Flails
   385 | D:1      | Found a faded altar of an unknown god.
   450 | D:1      | Found Jiopran's Magic Scroll Shoppe.
   462 | D:1      | Bought a scroll of identify for 22 gold pieces
   514 | D:1      | Reached XP level 2. HP: 27/27 MP: 1/1
   950 | D:2      | Found a radiant altar of Vehumet.
  1062 | D:2      | Reached XP level 3. HP: 25/34 MP: 2/2
  1167 | D:2      | Found Xyzaf's Book Shoppe.
  1648 | D:3      | Found Pehaelo's Antique Armour Shop.
  1696 | D:3      | Found an opulent altar of Gozag.
  1754 | D:3      | Reached ** piety under Trog
  1763 | D:3      | Noticed a +0 short sword
  1764 | D:3      | Noticed a +0 falchion
  1764 | D:3      | Noticed a +0 short sword
  1764 | D:3      | Noticed a +0 spear
  1765 | D:3      | Noticed a +0 dagger
  1765 | D:3      | Noticed a +0 falchion
  1765 | D:3      | Noticed a +0 dagger
  1765 | D:3      | Noticed a +0 spear
  1767 | D:3      | Found a hide-covered altar of Uskayaw.
  1799 | D:3      | Found a broken altar of Ashenzari.
  1984 | D:3      | Reached XP level 4. HP: 41/41 MP: 3/3
  2096 | D:3      | Noticed a scorpion
  2104 | D:3      | Killed a scorpion
  2105 | D:3      | Reached skill level 5 in Fighting
  2105 | D:3      | Reached skill level 5 in Maces & Flails
  2213 | D:3      | Found an ornate altar of the Wu Jian Council.
  2219 | D:3      | Reached XP level 5. HP: 46/48 MP: 4/4
  2573 | D:4      | Noticed a black bear
  2589 | D:4      | Killed a black bear
  2590 | D:4      | Reached skill level 6 in Maces & Flails
  2590 | D:4      | Reached skill level 1 in Throwing
  2622 | D:4      | Reached XP level 6. HP: 41/56 MP: 5/5
  2824 | D:4      | Found a burning altar of Makhleb.
  3020 | D:4      | Noticed Menkaure
  3029 | D:4      | Killed Menkaure
  3086 | D:4      | Found a glowing silver altar of Zin.
  3265 | D:5      | Entered Level 5 of the Dungeon
  3363 | D:5      | Reached XP level 7. HP: 61/61 MP: 6/6
  3382 | D:5      | Found a shimmering altar of Xom.
  3444 | D:5      | Reached skill level 7 in Maces & Flails
  3542 | D:5      | Reached skill level 1 in Stealth
  3606 | D:5      | Found a hazy altar of Hepliaklqana.
  3804 | D:5      | Found an iron altar of Okawaru.
  4078 | D:5      | Reached skill level 8 in Maces & Flails
  4177 | D:5      | Reached XP level 8. HP: 52/70 MP: 7/7
  4562 | D:6      | Reached *** piety under Trog
  4719 | D:6      | Reached skill level 9 in Maces & Flails
  4979 | D:6      | Reached skill level 5 in Armour
  5161 | D:7      | Noticed a cyclops
  5171 | D:7      | Killed a cyclops
  5172 | D:7      | Reached skill level 10 in Maces & Flails
  5271 | D:7      | Found a snail-covered altar of Cheibriados.
  5273 | D:7      | Found a shimmering blue altar of Sif Muna.
  5273 | D:7      | Found a white marble altar of Elyvilon.
  5353 | D:7      | Noticed a boulder beetle
  5378 | D:7      | Killed a boulder beetle
  5379 | D:7      | Reached skill level 5 in Throwing
  5379 | D:7      | Reached XP level 9. HP: 79/79 MP: 8/8
  5421 | D:7      | Found a staircase to the Ecumenical Temple.
  5510 | D:7      | Reached skill level 11 in Maces & Flails
  5535 | D:7      | Found a glowing golden altar of the Shining One.
  5729 | D:7      | Killed an unseen horror
  6101 | D:7      | Found a sparkling altar of Nemelex Xobeh.
  6364 | D:7      | Found a shadowy altar of Dithmenos.
  6877 | D:8      | Reached XP level 10. HP: 74/88 MP: 9/9
  6883 | D:8      | Reached **** piety under Trog
  6967 | D:8      | Found a runed translucent door.
  7124 | D:8      | Found a runed translucent door.
  7139 | D:8      | Reached skill level 12 in Maces & Flails
  7244 | D:8      | Noticed a centaur warrior
  7259 | D:8      | Killed a centaur warrior
  7294 | D:8      | Reached skill level 1 in Evocations
  7382 | D:8      | Reached skill level 13 in Maces & Flails
  8069 | D:8      | Identified the +5 mace of the Peculiar Spirits {protect,
                  | ^Fragile rCorr Stlth+}
  8921 | D:9      | Found Qenoti's Neck Hole.
  9225 | D:10     | Entered Level 10 of the Dungeon
  9239 | D:10     | Reached ***** piety under Trog
  9257 | D:10     | Noticed an elephant
  9264 | D:10     | Killed an elephant
  9265 | D:10     | Reached XP level 11. HP: 95/95 MP: 10/10
  9536 | D:10     | Found Naoxaics's Jewellery Shop.
  9581 | D:10     | Found Cuisat's Armour Shoppe.
  9587 | D:10     | Bought a +2 pair of gloves of infusion for 365 gold pieces
  9646 | D:10     | Found Jogreffe's Assorted Antiques.
  9658 | D:10     | Bought a scroll labelled TEDOG HILALACW for 29 gold pieces
  9658 | D:10     | Bought a thick brass amulet for 145 gold pieces
  9769 | D:10     | Found a staircase to the Lair.
  9798 | D:10     | Found a staircase to the Orcish Mines.
  9824 | D:10     | Reached skill level 14 in Maces & Flails
 10035 | D:10     | Noticed a two-headed ogre
 10035 | D:10     | Noticed a two-headed ogre
 10046 | D:10     | Killed a two-headed ogre
 10051 | D:10     | Killed a two-headed ogre
 10105 | D:10     | Found the +8 pair of quick blades "Gyre" and "Gimble"
                  | {protect}
 10162 | D:10     | Found a sacrificial altar of Ru.
 10199 | D:10     | Found Moawepoc's Book Boutique.
 10365 | Lair:1   | Entered Level 1 of the Lair of Beasts
 10767 | Lair:1   | Reached skill level 10 in Fighting
 10916 | Lair:1   | Reached skill level 1 in Shields
 11117 | Lair:1   | Found a runed translucent door.
 11121 | Lair:1   | Noticed Ophinloto's ghost (journeyman GrFi)
 11134 | Lair:1   | Killed Ophinloto's ghost
 11135 | Lair:1   | Reached skill level 10 in Throwing
 11135 | Lair:1   | Reached XP level 12. HP: 108/108 MP: 4/11
 11298 | Lair:2   | Noticed a death yak
 11298 | Lair:2   | Noticed a death yak
 11298 | Lair:2   | Noticed a death yak
 11298 | Lair:2   | Noticed a death yak
 11298 | Lair:2   | Noticed a death yak
 11298 | Lair:2   | Noticed a death yak
 11308 | Lair:1   | Killed a death yak
 11314 | Lair:1   | Killed a death yak
 11441 | Lair:2   | Received a gift from Trog
 11442 | Lair:2   | Reached skill level 15 in Maces & Flails
 11926 | Lair:2   | Noticed a boulder beetle
 11970 | Lair:2   | Killed a boulder beetle
 12259 | Lair:2   | Found a staircase to the Shoals.
 12464 | Lair:3   | Killed a death yak
 12470 | Lair:3   | Killed a death yak
 12471 | Lair:3   | Reached skill level 10 in Armour
 12554 | Lair:3   | Killed a death yak
 12600 | Lair:2   | Killed a death yak
 12650 | Lair:2   | Found a hole to the Spider Nest.
 13021 | Lair:2   | Found a runed translucent door.
 13032 | Lair:2   | Noticed a vampire mage
 13041 | Lair:2   | Killed a vampire mage
 13122 | Lair:3   | Noticed a catoblepas
 13137 | Lair:3   | Killed a catoblepas
 13198 | Lair:3   | Noticed Kirke
 13202 | Lair:3   | Noticed a sphinx
 13297 | Lair:3   | Killed Kirke
 13353 | Lair:3   | Reached XP level 13. HP: 110/118 MP: 8/12
 13689 | Lair:3   | Noticed Sonja
 13708 | Lair:3   | Reached skill level 16 in Maces & Flails
 14085 | Lair:3   | Killed Sonja
 14885 | Lair:4   | Found a viscous altar of Jiyva.
 14905 | Lair:4   | Found a staircase to the Slime Pits.
 15814 | Lair:5   | Entered Level 5 of the Lair of Beasts
 16032 | Lair:5   | Reached skill level 5 in Shields
 16209 | Lair:5   | Noticed a dire elephant
 16225 | Lair:5   | Killed a dire elephant
 16419 | Lair:5   | Reached XP level 14. HP: 129/129 MP: 3/13
 16901 | Lair:5   | Reached skill level 17 in Maces & Flails
 17265 | Lair:5   | Received a gift from Trog
 18590 | Orc:1    | Entered Level 1 of the Orcish Mines
 18590 | Orc:1    | Found Maoshraha's Antique Weapon Boutique.
 18823 | Orc:2    | Entered Level 2 of the Orcish Mines
 19067 | Orc:2    | Found a staircase to the Elven Halls.
 19082 | Orc:2    | Found Hasuuh's Overcharged Wands.
 19837 | Orc:2    | Found Wuott's Antique Weapon Boutique.
 20176 | Orc:2    | Reached skill level 18 in Maces & Flails
 20281 | Orc:2    | Paralysed by an orc sorcerer for 5 turns
 20299 | Orc:2    | Found Ovvoiduzill's Assorted Antiques.
 20314 | Orc:2    | Reached XP level 15. HP: 139/139 MP: 0/14
 20415 | Orc:2    | Bought a shiny plate armour for 754 gold pieces
 20449 | Orc:2    | Found Gukligg's Assorted Antiques.
 20451 | Orc:2    | Found Qecoaru's Assorted Antiques.
 20456 | Orc:2    | Bought a scroll of identify for 52 gold pieces
 20456 | Orc:2    | Bought a scroll labelled TEDOG HILALACW for 26 gold pieces
 20456 | Orc:2    | Bought a scroll labelled BEZAGR HYOGI for 26 gold pieces
 21606 | D:11     | You fall into a shaft and drop 3 floors!
 21618 | D:14     | Found a gate to the Vaults.
 21785 | D:13     | Noticed Josephine
 21802 | D:13     | Killed Josephine
 21965 | D:13     | Reached skill level 15 in Fighting
 22547 | D:12     | Found a bloodstained altar of Trog.
 22838 | D:12     | Noticed Gastronok
 22849 | D:12     | Killed Gastronok
 23067 | D:12     | Reached skill level 15 in Throwing
 23189 | D:12     | Identified the staff of Conformity {rF+ rC+ Fire}
 24436 | D:14     | Found Tubolut's Magic Scroll Shop.
 24439 | D:14     | Bought a scroll of enchant armour for 97 gold pieces
 24439 | D:14     | Bought a scroll of identify for 26 gold pieces
 24929 | D:14     | Received a gift from Trog
 25920 | D:15     | Entered Level 15 of the Dungeon
 26253 | D:15     | Reached XP level 16. HP: 149/151 MP: 13/15
 26408 | D:15     | Reached skill level 19 in Maces & Flails
 26573 | D:15     | Noticed Peloso's ghost (journeyman MiFi)
 26587 | D:15     | Found a transporter.
 26760 | D:15     | Found a staircase to the Depths.
 26908 | D:15     | Found a transporter.
 27381 | D:15     | Gained mutation: You occasionally lose the ability to drink
                  | potions when taking damage. [a neqoxec]
 27385 | D:15     | Gained mutation: You are frail. (-10% HP) [a neqoxec]
 27402 | D:15     | Gained mutation: You are very frail. (-20% HP) [a neqoxec]
 27404 | D:15     | Gained mutation: Your flesh is heat resistant. (rF+) [a
                  | neqoxec]
 27412 | D:15     | Killed Peloso's ghost
 27413 | D:15     | Gained mutation: You occasionally shout uncontrollably at
                  | your foes. [a neqoxec]
 27477 | D:15     | Got the ring of the Oni {rElec Dex+6}
 27494 | D:15     | Identified the ring "Edotocib" {*Slow rN++ Str+3 Dex+6
                  | Slay+2}
 27703 | Elf:1    | Entered Level 1 of the Elven Halls
 27819 | Elf:1    | Reached skill level 10 in Shields
 28236 | Elf:1    | Noticed a Brimstone Fiend
 28286 | Elf:1    | Noticed a Brimstone Fiend
 28690 | Elf:1    | Identified the +5 chain mail of Daevi {Will+}
 29139 | Elf:1    | Paralysed by an air elemental for 1 turns
 29243 | Elf:1    | Received a gift from Trog
 29493 | Elf:1    | Paralysed by an air elemental for 1 turns
 29498 | Elf:1    | Paralysed by an air elemental for 1 turns
 30267 | Elf:2    | Received a gift from Trog
 30272 | Elf:2    | Noticed an Ice Fiend
 30777 | Elf:2    | Found a huge runed translucent gate.
 30779 | Elf:2    | Found a huge runed translucent gate.
 30782 | Elf:2    | Found a huge runed translucent gate.
 30798 | Elf:2    | Found a huge runed translucent gate.
 30798 | Elf:2    | Found a huge runed translucent gate.
 30827 | Elf:2    | Reached XP level 17. HP: 46/128 MP: 5/16
 31115 | Elf:2    | Noticed a deep elf blademaster
 31162 | Elf:2    | Killed a deep elf blademaster
 32526 | Spider:1 | Entered Level 1 of the Spider Nest
 32769 | Spider:1 | Received a gift from Trog
 32770 | Spider:1 | Reached skill level 20 in Maces & Flails
 33098 | Spider:1 | You fall into a shaft and drop 1 floor!
 33561 | Spider:1 | Identified the +1 robe "Yduqoi" {Str+5 Dex+3}
 33783 | Spider:1 | Noticed Louise
 33802 | Spider:1 | Killed Louise
 34298 | Spider:1 | Noticed Agnes
 34315 | Spider:1 | Killed Agnes
 35686 | Spider:2 | Lost intelligence.
 36758 | Spider:2 | Identified the -2 robe of Keuck {+Blink Int+2}
 36760 | Spider:2 | Identified the +1 hat of Juihum {rElec rC- Str+5 Int+3}
 37707 | Spider:3 | HP: 5/195 [poisoned by a redback]
 37708 | Spider:3 | HP: 1/195 [poisoned by a redback]
 37709 | Spider:3 | Succumbed to a redback's poison

Illustrated notes

Levels and vault maps discovered:
D:1:      dpeg_arrival_tiny_g, layout_basic, serial_shops,
          nicolae_shop_tiny_glass, ebering_ecumenical_altar_sacrificial,
          minivault_27
D:2:      layout_loops_cross, serial_shops, nicolae_shop_back_alley_shop,
          basic_altar
D:3:      minmay_roachtagon, layout_basic, nicolae_uskayaw_en_pointe,
          cheibrodos_ashenzari_chains, grunt_gozag_breadcrumbs,
          nicolae_wu_jian_wuxing_cycle, serial_shops,
          nicolae_shop_hallway_stairs
D:4:      layout_loops_ring, zin_statuary, mainiacjoe_overflow_cross_hatched,
          minmay_misc_feat_alley, serial_park_tiny_pond, uniq_menkaure
D:5:      layout_basic, tgw_xom, mainiacjoe_overflow_surrounded_room,
          old_standard_altar, minmay_misc_feat_hallway
D:6:      layout_rooms, hangedman_abyss_or_decor_lesser_grid
D:7:      layout_basic, grunt_dithmenos_smoke,
          nemelex_xobeh_ov_fountains_minmay, nicolae_tso_besieged_by_evil,
          minitemple, minmay_temple_entry_tees, skrybe_limestone_x,
          chequers_serial_rivers_large_a, minmay_manual_mandibuliform
D:8:      cheibrodos_histonic, layout_layer_cave, serial_bayou,
          serial_bayou_lagoon_a, serial_bayou_shore_a, serial_bayou_lake_a,
          serial_bayou_shore_b, serial_bayou_pond_a, serial_bayou_crossing,
          ebering_dispersal_statue_hall
D:9:      layout_rooms, nicolae_shop_sticking_my_neck_out
D:10:     layout_loops_ring, lemuel_doored_altar,
          grunt_lair_entry_orc_guard_hut, orc_0_dummy, special_room
          [special_room_orc], serial_shops, nicolae_shop_gibbet_a_chance, shop,
          nicolae_shop_pleasant_corner_grove, nicolae_shop_tiny_waterfront,
          hellmonk_guarded_unrand_gyre_and_gimble
D:11:     layout_cave_pods, nicolae_two_hexagons
D:12:     hourglass_vault, layout_stronghold, serial_column_ruins,
          column_ruins_square_small, column_ruins_square_medium,
          column_ruins_grid_1, column_ruins_grid_1, column_ruins_grid_3,
          trog_butcher_becter, uniq_gastronok
D:13:     layout_loops_ring, kb_rosetta, uniq_josephine
D:14:     layout_basic, grunt_vaults_entry_tiered, serial_shops,
          nicolae_stop_n_shop_2, amcnicky_mini_corridor_feature
D:15:     grunt_enter_depths_magical_seal, layout_stronghold,
          gammafunk_ghost_stat_death, amcnicky_mini_rare_corridor_liquid,
          minmay_misc_feat_ornament
Lair:1:   layout_misc_corridors, hellmonk_ghost_happy_afterlife
Lair:2:   layout_loops_ring, minmay_shoals_entry_hut, spider_nest_entry_rubble,
          pdpol_lair_cabin_in_the_woods
Lair:3:   layout_gridlike, minivault_11, forest_entry_grove, grunt_megastairs_2,
          uniq_sonja, uniq_kirke
Lair:4:   layout_regular_city, nicolae_slime_entry_field_trip
Lair:5:   hangedman_lair_in_review, layout_regular_city,
          guppyfry_lair_end_dragon, serial_bayou, serial_bayou_ford_a,
          serial_bayou_pond_d, serial_bayou_pond_c, serial_bayou_pond_c
Spider:1: layout_chambers, hangedman_spider_tarantella_strand, uniq_louise,
          uniq_agnes
Spider:2: layout_chambers, hellmonk_motheaten_closet
Spider:3: layout_cave_pods, uniq_arachne
Orc:1:    layout_caves, basic_altar, serial_shops, shop
Orc:2:    hellmonk_orc_salted, layout_diamond_mine,
          nicolae_shop_overcharged_wands
Elf:1:    layout_geoelf_grid, kennysheep_underground_church, minivault_16,
          due_unseen_surprise, grunt_megastairs_5
Elf:2:    elven_hall_of_blades_hangedman_alternative
          [nicolae_vaults_blade_armed_guards], layout_rooms, serial_sigils,
          serial_sigils_hangedman_scar, serial_sigils_hangedman_stare,
          serial_sigils_hangedman_shear, serial_sigils_hangedman_shear

Skill      XL: |  1  2  3  4  5  6  7  8  9 10 11 12 13 14 15 16 17 |
---------------+----------------------------------------------------+-----
Maces & Flails | 4 5 6 8 10 11 13 14 15 16 18 19 20 | 20.2
Fighting       | 4 5 6 7 8 10 12 13 14 15 16 17 | 17.8
Armour         | 3 4 5 6 8 9 10 11 12 13 14 | 14.9
Throwing       | 1 2 3 5 6 7 10 11 12 14 15 16 17 | 17.4
Stealth        | 1 2 |  2.5
Dodging        | 3 4 |  4.7
Evocations     | 1 2 |  2.5
Shields        | 1 3 5 6 9 11 12 | 12.4
Unarmed Combat | |  0.5

Action                     |  1- 3 |  4- 6 |  7- 9 | 10-12 | 13-15 | 16-18 || total
---------------------------+-------+-------+-------+-------+-------+-------++-------
  Melee: Mace              |    23 |       |       |   427 |  1280 |   780 ||  2510
         Headbutt          |    19 |    15 |    60 |   113 |   361 |   226 ||   794
         Punch             |     1 |       |     5 |     9 |    14 |       ||    29
         Whip              |    90 |    66 |   249 |       |       |       ||   405
         Flail             |       |       |    72 |    90 |       |       ||   162
         Unarmed           |       |       |       |     3 |       |       ||     3
  Throw: Stone             |     2 |       |       |       |       |       ||     2
         Boomerang         |     4 |    18 |    61 |   103 |   265 |   159 ||   610
         Dart              |       |       |       |       |     2 |       ||     2
         Javelin           |       |       |       |       |     5 |     3 ||     8
 Invoke: Trog's Hand       |       |     2 |     5 |     9 |    13 |     4 ||    33
         Berserk           |       |     1 |     6 |    13 |    11 |     9 ||    40
         Brothers in Arms  |       |       |       |       |     2 |     1 ||     3
  Evoke: Wand              |       |       |     7 |     7 |    15 |     7 ||    36
    Use: Scroll            |     3 |     4 |     4 |     4 |    17 |    10 ||    42
         Potion            |       |       |     5 |       |     4 |     5 ||    14
   Stab: Sleeping          |       |     1 |       |       |       |       ||     1
 Armour: Animal skin       |    19 |       |       |       |       |       ||    19
         Leather armour    |    42 |    21 |       |       |       |       ||    63
         Ring mail         |       |     3 |    33 |       |       |       ||    36
         Chain mail        |       |       |    10 |       |       |       ||    10
         Plate armour      |       |       |   181 |   314 |   639 |   655 ||  1789
         Skin              |       |       |       |     5 |       |       ||     5
  Dodge: Dodged            |    42 |    34 |   152 |   251 |   445 |   237 ||  1161
  Block: Other             |       |       |       |    46 |    91 |     3 ||   140
         Reflection        |       |       |       |       |    20 |    31 ||    51
         Kite shield       |       |       |       |       |   335 |   485 ||   820
